AoeStats
← Banon

Arena

509527627Analyzed
4v4 RM · 6d ago on Sep 27, 2026· 29m 34s· 8 players
Game mode
Random Map
Map size
Large (8 player)
Population
200
Speed
Normal
Resources
Standard
Victory
Conquest
Starting age
Dark Age
Ending age
Imperial Age
RankedLock teamsTeams togetherTeam positionsShared explorationLock speedFull tech treeHidden civsTurbo modeCheats
Victory
Defeat
🇨🇦 Armenians · Canada
1367
+15
🇺🇸 Saxons · United States
1322
+17
🇺🇸 Cumans · United States
1321
+17
🇺🇸 Magyars · United States
1242
+19
🇺🇸 Spanish · United States
1361
-18
🇦🇺 Bohemians · Australia
1356
-18
🇧🇷 Slavs · Brazil
1353
-18
🇨🇳 Poles · China
1269
-14
TheGrainmaker
8:32 Feudal Age
9:20 Double-Bit Axe
18:57 Wheelbarrow
22:00 Castle Age
20:41 Fletching
20:59 Scale Barding Armor
20:58 Gold Mining
21:50 Bloodlines
21:51 Forging
22:13 Capped Ram
25:13 Chain Barding Armor
26:53 Bow Saw
26:32 Horse Collar
27:34 Loom
28:46 Fervor
30:01 Gold Shaft Mining
30:01 Sanctity
VicMan
5:38 Loom
8:18 Feudal Age
11:38 Fletching
15:38 Double-Bit Axe
16:17 Horse Collar
23:16 Castle Age
22:25 Stone Mining
26:33 Bodkin Arrow
Cavanara
11:08 Feudal Age
11:48 Horse Collar
11:54 Double-Bit Axe
12:58 Bloodlines
18:43 Wheelbarrow
20:21 Scale Barding Armor
24:55 Castle Age
24:47 Stone Mining
26:37 Chain Barding Armor
25:40 Light Cavalry
26:20 Husbandry
32:04 Imperial Age
ALinkToTheFuture
10:16 Feudal Age
10:31 Man-at-Arms
11:16 Long Swordsman
16:24 Double-Bit Axe
17:58 Horse Collar
17:58 Pikeman
18:44 Loom
19:17 Arson
21:43 Scale Mail Armor
21:54 Forging
24:07 Wheelbarrow
28:51 Castle Age
27:18 Gold Mining
27:22 Stone Mining
29:51 Chain Mail Armor
30:12 Iron Casting
28:59 Two-Handed Swordsman
29:39 Squires
29:25 Gambesons
Banon
10:35 Feudal Age
11:48 Fletching
11:49 Double-Bit Axe
17:28 Loom
19:36 Horse Collar
21:31 Wheelbarrow
24:34 Castle Age
24:05 Stone Mining
24:06 Gold Mining
30:29 Imperial Age
29:06 Bow Saw
Karzul
10:22 Feudal Age
14:26 Castle Age
12:12 Double-Bit Axe
12:08 Horse Collar
17:20 Bow Saw
19:15 Loom
21:59 Wheelbarrow
23:19 Scale Barding Armor
23:40 Heavy Plow
24:19 Forging
24:23 Bloodlines
24:35 Chain Barding Armor
v1.0
10:22 Feudal Age
11:53 Loom
12:31 Fletching
很蓝的啦
10:26 Feudal Age
11:57 Double-Bit Axe
14:55 Castle Age
13:01 Stone Mining
13:10 Horse Collar
15:41 Scale Barding Armor
15:24 Loom
17:19 Bow Saw
17:55 Heavy Plow
18:47 Bloodlines
22:46 Gold Mining
24:35 Stone Shaft Mining
Connection lost

Rejoining the realm…

Still unreachable

The connection could not be restored.

Session expired

The server has moved on; the page needs a fresh start.